 Dungeon Crawl Stone Soup version 0.28.0-45-g0d030f2227 (webtiles) character file.

Game seed: 12018490008999183540

2520 Woods the Magician (level 9, -22/66 HPs)
             Began as a Djinni Fire Elementalist on Apr 2, 2022.
             Was a Believer of Makhleb.
             Shot with a sling bullet by Joseph (29 damage)
             ... on level 7 of the Dungeon.
             The game lasted 00:11:56 (10775 turns).

Woods the Magician (Djinni Fire Elementalist)      Turns: 10775, Time: 00:11:56

Health: -22/66     AC:  2    Str:  7    XL:     9   Next: 84%
Gold:   265        EV: 14    Int: 20    God:    Makhleb [**....] SH:  0 Dex: 15

rFire   + + .      SeeInvis .   (no weapon)
rCold   x . .      Faith    .   (no shield)
rNeg    . . .      Spirit   .   a - +0 robe
rPois   ∞          Reflect  .   (no helmet)
rElec   .          Harm     .   (no cloak)
rCorr   .          Rampage  .   (no gloves)
Will    .....                   (boots unavailable)
Stlth   +++.......              (no amulet)
HPRegen 0.21/turn               (no ring)
MPRegen 0.00/turn               (no ring)

@: flying
A: sickness immunity, fire resistance 2, cold vulnerability 1, float, innate
caster, HP casting, extra vitality 1
a: Renounce Religion, Minor Destruction


You were on level 7 of the Dungeon.
You worshipped Makhleb.
Makhleb was pleased with you.
You visited 2 branches of the dungeon, and saw 8 of its levels.

You collected 265 gold pieces.

Inventory:

Hand Weapons
 u - a +2 mace of draining
Armour
 a - a +0 robe (worn)
Jewellery
 l - a ring of ice
 r - a +4 ring of protection
 v - an amulet of faith
Scrolls
 c - 2 scrolls of teleportation {unknown}
 f - a scroll of noise {unknown}
 g - a scroll of enchant weapon {unknown}
 k - 4 scrolls of identify {unknown}
 m - 2 scrolls of magic mapping {unknown}
 n - a scroll of fear {unknown}
 o - 4 scrolls of vulnerability {unknown}
 p - a scroll of brand weapon {unknown}
 s - a scroll of enchant armour {unknown}
 w - a scroll of immolation {unknown}
 x - a scroll of acquirement {unknown}
Potions
 b - 3 potions of lignification {unknown}
 d - a potion of mutation {unknown}
 e - a potion of ambrosia {unknown}
 h - 2 potions of attraction {unknown}
 i - 2 potions of degeneration {unknown}
 j - 2 potions of haste
 q - a potion of might {unknown}
 t - a potion of berserk rage {unknown}
 z - 2 potions of invisibility {unknown}
 A - a potion of brilliance {unknown}


   Skills:
 + Level 5.9 Fighting
 + Level 4.9 Dodging
 - Level 5.0 Stealth
 + Level 7.2 Spellcasting


You had one spell level left.
You knew the following spells:

 Your Spells              Type           Power      Damage    Failure   Level
a - Foxfire               Conj/Fire      100%       2x1d9     1%          1
b - Scorch                Fire           72%        2d9       1%          2
c - Conjure Flame         Conj/Fire      36%        6-21      1%          3
d - Inner Flame           Hex/Fire       36%        N/A       1%          3
e - Flame Wave            Conj/Fire      36%        2d9       4%          4
f - Slow                  Hex            100%       N/A       1%          1
g - Call Imp              Summ           36%        N/A       1%          2
h - Blink                 Tloc           72%        N/A       1%          2
i - Call Canine Familiar  Summ           36%        N/A       1%          3
Your spell library was empty.

Dungeon Overview and Level Annotations

Branches:
Dungeon (7/15)             Temple (1/1) D:4

Altars:
Ashenzari
Cheibriados
Elyvilon
Fedhas
Gozag
Hepliaklqana
Kikubaaqudgha
Makhleb
Nemelex Xobeh
Okawaru
Qazlal
Ru
Sif Muna
Trog
Uskayaw
Vehumet
Wu Jian
Xom
Yredelemnul
Zin
The Shining One

Annotations:
D:7 Joseph, Maggie


Innate Abilities, Weirdness & Mutations

You are immune to sickness and miasma.
You are immune to poison.
Your flesh is very heat resistant. (rF++)
You are vulnerable to cold. (rC-)
You float through the air rather than walking.
You learn spells naturally, not from books.
Your magical power is your life essence.
You have superior vitality. (+4 MHP)


Message History

Casting: Scorch (safe; 1% risk of failure)
Confirm with . or Enter, or press ? or * to list all spells.
The orc misses you.
You swap places.
The orc hits your hound with a +0 club.
Your hound barely misses the orc.
Your hound bites the orc.
The orc hits your hound with a +0 club.
Your hound bites the orc.
The orc dies!
Makhleb accepts your kill.
There is an open door here.
Casting: Call Canine Familiar (safe; 1% risk of failure)
Confirm with . or Enter, or press ? or * to list all spells.
Aiming: Inner Flame (safe; 1% risk of failure)
Press: ? - help, Dir - move target, f - Joseph
Aim: Joseph, wielding a +5 hunting sling of freezing, wearing a +0 leather armour and quivering sling bullets (chance to affect: 76%) Joseph is filled with an inner flame.
The orc misses your hound.
Your hound bites the orc.
The orc hits your hound with a +0 flail.
Your hound barely misses the orc.
Your hound bites the orc.
The orc barely misses your hound.
Casting: Inner Flame (safe; 1% risk of failure)
Confirm with . or Enter, or press ? or * to list all spells.
Your hound disappears in a puff of smoke!
You swap places.
Your wolf closely misses the orc.
The orc closely misses your wolf.
Your wolf bites the orc!
The orc dies!
Makhleb accepts your kill.
Joseph shoots a sling bullet.
The sling bullet hits your wolf! The sling bullet freezes your wolf.
Your wolf dies!
Your wolf's corpse disappears in a puff of smoke!
Casting: Call Canine Familiar (safe; 1% risk of failure)
Confirm with . or Enter, or press ? or * to list all spells.
Joseph shoots a sling bullet.
The sling bullet hits you!
* * * LOW HITPOINT WARNING * * *
The sling bullet freezes you!
* * * LOW HITPOINT WARNING * * *
Joseph shoots a sling bullet.
The sling bullet hits you!!
You die...

...#....###......####
...................>#
...##.#####.##....#.#
#.....# #.##.#..#.#
#.##### #.##.#..#.#
#.##### #....#..#.#
#.....##########....#
#####.##<# #####.####
#####.##.# #....@.#
.........# #......#
.......### #.h....#
.......# #####'##
.......# #.# .......#
#)# #......#
#....##@#
#...##.###....##.#
#... #..#..... #.#


You could see Joseph (inner flame, ally target) and a friendly wolf (summoned).

Vanquished Creatures
  Pikel (D:6)
  Grinder (D:4)
  Sigmund (D:6)
  An ice beast (D:7)
  2 orc warriors (D:6)
  2 black bears
  3 ogres
  A lemure (D:6)
  A kobold brigand (D:4)
  A bullfrog (D:7)
  A scorpion (D:6)
  A centaur zombie (D:5)
  3 orc priests
  2 bullfrog skeletons
  4 hounds
  4 orc wizards
  A howler monkey zombie (D:7)
  9 gnolls
  8 adders
  2 howler monkey skeletons
  2 shadow imps (D:7)
  3 white imps
  An ufetubus (D:7)
  A worm (D:3)
  2 dart slugs
  23 orcs
  6 bats
  5 endoplasms
  5 giant cockroaches
  19 hobgoblins
  8 jackals
  3 quokkas
  4 ball pythons
  3 frilled lizards
  18 goblins
  2 goblin skeletons (D:7)
  A goblin zombie (D:7)
  A hobgoblin zombie (D:7)
  9 kobolds
  2 kobold skeletons (D:7)
  2 kobold zombies (D:7)
  An orc zombie (D:7)
  6 rats
176 creatures vanquished.

Vanquished Creatures (collateral kills)
  A centaur skeleton (D:5)
  An orc priest (D:6)
  3 orcs
  5 foxfires
10 creatures vanquished.

Vanquished Creatures (others)
  426 foxfires
  4 plants
430 creatures vanquished.

Grand Total: 616 creatures vanquished

Notes
Turn   | Place    | Note
-------+----------+-------------------------------------------
     0 | D:1      | Woods the Djinni Fire Elementalist began the quest for the
                  | Orb.
     0 | D:1      | Reached XP level 1. HP: 15/15 MP: 0/0
   292 | D:1      | Reached XP level 2. HP: 20/21 MP: 0/0
   826 | D:1      | Reached skill level 3 in Spellcasting
   826 | D:1      | Reached XP level 3. HP: 23/25 MP: 0/0
   826 | D:1      | Learned a level 1 spell: Slow
  2212 | D:2      | Reached XP level 4. HP: 27/31 MP: 0/0
  3589 | D:3      | Reached skill level 4 in Spellcasting
  3906 | D:4      | Reached XP level 5. HP: 29/35 MP: 0/0
  3906 | D:4      | Learned a level 2 spell: Call Imp
  4122 | D:4      | Noticed an ogre
  4180 | D:4      | Killed an ogre
  4181 | D:4      | Reached XP level 6. HP: 19/40 MP: 0/0
  4384 | D:4      | Reached skill level 5 in Spellcasting
  4640 | D:4      | Noticed a black bear
  4672 | D:4      | Killed a black bear
  4673 | D:4      | Reached XP level 7. HP: 35/45 MP: 0/0
  4673 | D:4      | Learned a level 2 spell: Blink
  5009 | D:4      | Noticed Grinder
  5018 | D:4      | Paralysed by Grinder for 3 turns
  5024 | D:4      | Paralysed by Grinder for 4 turns
  5034 | D:4      | Killed Grinder
  5035 | D:4      | Reached skill level 6 in Spellcasting
  5276 | D:4      | Found a staircase to the Ecumenical Temple.
  5284 | Temple   | Entered the Ecumenical Temple
  5628 | Temple   | Became a worshipper of Makhleb the Destroyer
  6050 | D:5      | Entered Level 5 of the Dungeon
  6065 | D:5      | Reached XP level 8. HP: 55/56 MP: 0/0
  8612 | D:6      | Reached * piety under Makhleb
  8789 | D:6      | Noticed Pikel
  8816 | D:6      | Killed Pikel
  8817 | D:6      | Reached skill level 5 in Fighting
  8817 | D:6      | Reached XP level 9. HP: 33/65 MP: 0/0
  8817 | D:6      | Learned a level 3 spell: Call Canine Familiar
  9371 | D:6      | Reached skill level 7 in Spellcasting
  9617 | D:6      | Noticed Sigmund
  9624 | D:6      | Killed Sigmund
 10396 | D:7      | Noticed Maggie
 10494 | D:7      | Reached skill level 5 in Stealth
 10563 | D:7      | Found a glowing golden altar of the Shining One.
 10573 | D:7      | Reached ** piety under Makhleb
 10729 | D:7      | Noticed Joseph
 10775 | D:7      | Shot with a sling bullet by Joseph

Illustrated notes

Levels and vault maps discovered:
D:1:      shiori_arrival_elements, layout_loops_ring, serial_forest,
          infiniplex_forest_clump_small, infiniplex_forest_lined_room_2,
          infiniplex_forest_join, infiniplex_forest_lined_3,
          infiniplex_forest_lined_corner, infiniplex_forest_straight_2,
          infiniplex_forest_end_3
D:2:      layout_basic, basic_altar
D:3:      layout_basic, minivault_4, minmay_stone_trees_small
D:4:      black_bear_nest_2, layout_basic, minmay_temple_entry_fiery,
          uniq_grinder
D:5:      corexii_shantytown, layout_layer_cave
D:6:      layout_cave_pods, uniq_pikel, uniq_sigmund
D:7:      layout_basic, nicolae_tso_besieged_by_evil, uniq_harold, uniq_maggie,
          uniq_menkaure, uniq_joseph
Temple:   mainiacjoe_temple_cubbyholes

Skill      XL: |  1  2  3  4  5  6  7  8  9 |
---------------+----------------------------+-----
Spellcasting   | 3 4 5 6 7 |  7.2
Fighting       | 3 5 |  5.9
Stealth        | 2 4 5 |  5.0
Dodging        | 3 4 |  4.9

Action                   |  1- 3 |  4- 6 |  7- 9 || total
-------------------------+-------+-------+-------++-------
Melee: Unarmed           |    10 |       |       ||    10
       Punch             |     1 |       |       ||     1
 Cast: Foxfire           |    75 |    78 |   107 ||   260
       Scorch            |       |    26 |    88 ||   114
       Slow              |       |     1 |       ||     1
       Conjure Flame     |       |     3 |     6 ||     9
       Call Imp          |       |     1 |     2 ||     3
       Blink             |       |       |     2 ||     2
       Inner Flame       |       |       |    17 ||    17
       Call Canine Famil |       |       |     9 ||     9
Armor: Robe              |    11 |     3 |     2 ||    16
Dodge: Dodged            |    26 |     4 |    17 ||    47
